 Dungeon Crawl Stone Soup version 0.25-a0-317-g5f8687bca5 (webtiles) character file.

Game seed: 15746715867962360853, levelgen mode: classic

171 Borgoz the Covered (level 5, -2/33 HPs)
             Began as a Gargoyle Fighter on Dec 25, 2019.
             Was an Initiate of Ashenzari.
             Killed from afar by an orc wizard (8 damage)
             ... with a magic dart
             ... on level 3 of the Dungeon.
             The game lasted 00:04:44 (2745 turns).

Borgoz the Covered (Gargoyle Fighter)               Turns: 2745, Time: 00:04:44

Health: -2/33      AC: 15    Str: 24    XL:     5   Next: 51%
Magic:  5/5        EV:  8    Int:  9    God:    Ashenzari [......]
Gold:   156        SH:  9    Dex: 10    Spells: 4/4 levels left

rFire    . . .     SeeInvis .   a - +0 flail (curse)
rCold    . . .     Gourm    .   c - +0 shield
rNeg     + . .     Faith    .   b - +0 scale mail
rPois    ∞         Spirit   .   (no helmet)
rElec    +         Reflect  .   m - +1 cloak
rCorr    +         Harm     .   o - +0 pair of gloves
MR       .....                  v - +0 pair of boots
Stlth    ..........             (no amulet)
HPRegen  0.11/turn              t - ring of resist corrosion
MPRegen  0.09/turn              (no ring)

@: mighty
A: negative energy resistance 1, electricity resistance, unbreathing,
petrification resistance, rot immunity, AC +4
a: Curse Item, Renounce Religion


You were on level 3 of the Dungeon.
You worshipped Ashenzari.
Ashenzari was noncommittal.
You were not hungry.

You visited 1 branch of the dungeon, and saw 3 of its levels.

You collected 156 gold pieces.

Inventory:

Hand Weapons
 a - a cursed +0 flail (weapon)
Armour
 b - a +0 scale mail (worn)
 c - a +0 shield (worn)
 m - a +1 cloak (worn)
 o - a +0 pair of gloves (worn)
 v - a +0 pair of boots (worn)
Jewellery
 q - an uncursed ring of fire
 t - a ring of resist corrosion (left hand)
Wands
 u - a wand of flame (19)
Scrolls
 e - 4 scrolls of identify {unknown}
 i - 2 scrolls of fear {unknown}
 j - a scroll of remove curse
 k - a scroll of enchant weapon {unknown}
 w - a scroll of fog {unknown}
Potions
 g - a potion of cancellation {unknown}
 h - a potion of magic {unknown}
 l - a potion of flight {unknown}
 p - a potion of berserk rage {unknown}
 r - a potion of curing {unknown}
 s - a potion of haste {unknown}
Comestibles
 f - 6 rations
 n - 4 chunks of flesh


   Skills:
 + Level 4.1 Fighting
 * Level 3.8 Maces & Flails
 + Level 4.1 Armour
 + Level 1.6 Dodging
 - Level 3.2 Shields


You had 4 spell levels left.
You didn't know any spells.
Your spell library contained the following spells:

 Spells                   Type           Power        Failure   Level  Hunger
 Beastly Appendage        Tmut           #.....       99%         1    ##.....
 Sticks to Snakes         Tmut           #.......     100%        2    ###....
 Spider Form              Tmut/Pois      #.........   100%        3    ####...
 Ice Form                 Ice/Tmut       #.......     100%        4    #####..
 Blade Hands              Tmut           #.........   100%        5    ######.


Dungeon Overview and Level Annotations

Branches:
Dungeon (3/15)

Altars:
Ashenzari
Fedhas
Nemelex Xobeh
Sif Muna
Xom


Innate Abilities, Weirdness & Mutations

You are resistant to torment.
Your stone body is resilient. (AC +4)
You are immune to poison.
You resist negative energy. (rN+)
You are resistant to electric shocks. (rElec)
You can survive without breathing.
You are immune to petrification.
You are immune to rotting.


Message History

The orc wizard seems to speed up.
You block the orc's attack.
You closely miss the orc wizard.
The orc wizard is almost dead.
The orc wizard mumbles some strange words.
The orc wizard blinks!
The orc hits you but does no damage.
You sock the orc!
You kill the orc!
The orc wizard points at you and mumbles some strange words.
The magic dart hits you but does no damage.
The orc wizard hits you but does no damage.
The orc wizard casts a spell at you.
The magic dart hits you but does no damage.
You closely miss the orc wizard.
The orc wizard is severely wounded.
The orc wizard hits you but does no damage.
The orc wizard casts a spell.
The orc wizard blinks!
The orc wizard casts a spell at you. The magic dart hits you!
You die...

###### #.# #....#
#.# #o...# #.#
#....# #.# #....#
#.# #..))# #.#
#...)# #.# #....#
#########.#
#..@.####.........#
#.........##########
#....###.)#...#.....
###.#....)....#.####
#.##.#).#.#.......
#....#..#.#.#.....
######..#.#.######
#..#.#.......
#..#.#<......


You could see an orc wizard.

Vanquished Creatures
  An orc priest (D:3)
  3 gnolls (D:3)
  3 adders (D:2)
  2 oozes
  3 worms (D:2)
  2 dart slugs
  3 leopard geckos
  3 orcs (D:3)
  2 giant cockroaches
  11 goblins
  5 hobgoblins (D:1)
  A quokka (D:3)
  6 bats
  3 frilled lizards
  2 kobolds
  13 rats
63 creatures vanquished.

Notes
Turn   | Place    | Note
-------+----------+-------------------------------------------
     0 | D:1      | Borgoz the Gargoyle Fighter began the quest for the Orb.
     0 | D:1      | Reached XP level 1. HP: 14/14 MP: 1/1
   349 | D:1      | Reached XP level 2. HP: 18/19 MP: 2/2
   815 | D:2      | Reached XP level 3. HP: 23/23 MP: 3/3
   988 | D:2      | Reached skill level 1 in Dodging
  1423 | D:2      | Reached XP level 4. HP: 29/29 MP: 4/4
  1618 | D:2      | Found a shattered altar of Ashenzari.
  1618 | D:2      | Found a shimmering altar of Xom.
  1635 | D:2      | Found a sparkling altar of Nemelex Xobeh.
  1638 | D:2      | Became a worshipper of Ashenzari the Shackled
  1649 | D:2      | Found a faded altar of an unknown god.
  1651 | D:2      | Found a blossoming altar of Fedhas.
  2213 | D:3      | Found a shimmering blue altar of Sif Muna.
  2596 | D:3      | Reached XP level 5. HP: 33/33 MP: 5/5
  2745 | D:3      | Killed from afar by an orc wizard

Levels and vault maps discovered:
D:1:      lemuel_arrival_rhombus, layout_basic
D:2:      layout_loops_ring, chequers_temple_overflow_minitemple
D:3:      layout_basic, nicolae_overflow_crystal_walls, first_ration,
          serial_bayou_pond_e

Skill      XL: |  1  2  3  4  5 |
---------------+----------------+-----
Dodging        | 1 |  1.6
Maces & Flails | 3 |  3.8
Fighting       | 4 |  4.1
Armour         | 4 |  4.1
Shields        | |  3.2

Action                   |  1- 3 |  4- 6 || total
-------------------------+-------+-------++-------
Melee: Flail             |   148 |    98 ||   246
Invok: Curse Item        |       |     1 ||     1
  Use: Scroll            |     1 |       ||     1
       Potion            |       |     1 ||     1
  Eat: Chunk             |     2 |     4 ||     6
Armor: Scale mail        |    77 |    49 ||   126
Dodge: Dodged            |    37 |    26 ||    63
Block: Shield            |    72 |    47 ||   119

Table legend:
 A = Non-vault XP
 B = Vault XP
 C = Vault XP percentage of total XP
 D = Non-vault monster count
 E = Vault monster count
 F = Vault count percentage of total count
                 A         B        C        D         E       F
            +---------+---------+-------+---------+---------+-------
      Total |     245 |       0 |   0.0 |      63 |       0 |   0.0
            +---------+---------+-------+---------+---------+-------
        D:1 |      25 |       0 |   0.0 |      14 |       0 |   0.0
        D:2 |      95 |       0 |   0.0 |      27 |       0 |   0.0
        D:3 |     125 |       0 |   0.0 |      22 |       0 |   0.0
            +---------+---------+-------+---------+---------+-------
